 Dungeon Crawl Stone Soup version 0.18.1-48-g4cf74bf (webtiles) character file.

251 Krovax444 the Shooter (level 5, 0/25 HPs)
             Began as a Spriggan Arcane Marksman on July 7, 2016.
             Succumbed to a worker ant's poison
             ... on level 3 of the Dungeon on July 9, 2016.
             The game lasted 00:40:36 (5693 turns).

Krovax444 the Shooter (Spriggan Arcane Marksman)    Turns: 5693, Time: 00:40:37

Health: 0/25       AC:  2    Str: 12    XL:     5   Next: 88%
Magic:  9/9        EV: 20    Int: 20    God:
Gold:   190        SH:  0    Dex: 16    Spells: 2 memorised, 5 levels left

rFire  + . .     SeeInvis +     a - +0 shortbow
rCold  + . .     Gourm    .     b - +0 robe
rNeg   . . .     Faith    .     (shield currently unavailable)
rPois  +         Spirit   .     (helmet restricted)
rElec  +         Dismiss  .     (no cloak)
rCorr  +         Reflect  .     (gloves unavailable)
SustAt .         Harm     .     (boots unavailable)
MR     .....                    (no amulet)
Stlth  +++.......               (no ring)
                                n - ring of flight

@: mighty, brilliant, lethally poisoned (0 -> -3), resistant, very quick, not
resistant to hostile enchantments, fairly stealthy
A: unfitting armour, see invisible, herbivore 3, speed 3, slow metabolism 2
a: Evoke Flight


You were on level 3 of the Dungeon.
You were very full.

You visited 1 branch of the dungeon, and saw 4 of its levels.

You collected 190 gold pieces.

Inventory:

Hand Weapons
 a - a +0 shortbow (weapon)
 h - a +0 dagger of holy wrath
Missiles
 d - 57 arrows (quivered)
 r - 2 poisoned tomahawks
Armour
 b - a +0 robe (worn)
 k - a +0 pair of gloves
Jewellery
 n - a ring of flight (left hand)
Scrolls
 e - a scroll of immolation {unknown}
 i - a scroll of blinking {unknown}
 j - a scroll of fog {unknown}
 l - a scroll of fear {unknown}
 m - 6 scrolls of identify
 t - a scroll of noise {unknown}
 v - a scroll of remove curse {unknown}
Potions
 o - a potion of might
 q - a potion of cancellation
Books
 c - a book of Debilitation

   Spells                             Type                      Level
   a - Corona                         Hexes                        1
   b - Slow                           Hexes                        2
   c - Gell's Gravitas                Hexes/Translocation          3
   d - Inner Flame                    Hexes/Fire                   3
   e - Cause Fear                     Hexes                        4
   f - Leda's Liquefaction            Hexes/Earth                  4
Comestibles
 f - 2 bread rations
 g - 5 fruits


   Skills:
 + Level 0.8 Fighting
 + Level 4.9 Bows
 + Level 4.6 Dodging
 * Level 3.8 Stealth
 + Level 2.1 Spellcasting
 + Level 4.6 Hexes


You had 5 spell levels left.
You knew the following spells:

 Your Spells              Type           Power        Failure   Level  Hunger
a - Corona                Hex            ####...      1%          1    #......
b - Slow                  Hex            ####....     1%          2    ##.....


Dungeon Overview and Level Annotations

Branches:
Dungeon (4/15)             Temple (0/1) D:4

Altars:
Makhleb
Qazlal
Zin
The Shining One


Innate Abilities, Weirdness & Mutations

You are tiny and cannot use many weapons and most armour.
You have supernaturally acute eyesight.
You are a herbivore.
You cover ground extremely quickly.
You need consume almost no food.


Message History

You feel very mighty all of a sudden.
It was a potion of resistance.
You feel protected.
* * * LOW HITPOINT WARNING * * *
You feel sick.
It was a potion of cure mutation.
It has a very clean taste.
The worker ant completely misses you.
It was a potion of brilliance.
You feel clever all of a sudden. The worker ant closely misses you.
n - a ring of flight (left hand)
* * * LOW HITPOINT WARNING * * *
You feel sick.
* * * LOW HITPOINT WARNING * * *
You feel sick.
There is a stone staircase leading up here.
You climb upwards.
There is a stone staircase leading down here.
You continue eating.
You die...

# ##..#.......#
#..#.#####.# #### #..#.#
#.# o..# #..#.#####.####
##.### ##.#.#........#
o....#
#####.#.......##.#
##.#.#
#.........######.#
##.#.#
######.#..######.#####
##.#.#
#####....@.............#
##)#.#
#........)...#####.##.##
##.#.#
#.###.#............##.#
##.#.# #.#
#.#.#....########.#
†..(.# #.# #.#.#..###
#.# ...#.# #.# #.#.#..#
#.# ########.# #.#.#..#
#.# .......#.# #.#....#
#.# ######.#.#
#.##...##########.#


There were no monsters in sight!

Vanquished Creatures
  2 orc priests (D:3)
  Ijyb (D:3)
  Terence (D:2)
  2 adders
  A worm (D:4)
  7 dart slugs
  4 giant geckos
  8 orcs
  6 giant cockroaches
  12 goblins
  6 hobgoblins
  11 jackals
  4 kobolds
  2 quokkas
  2 ball pythons (D:3)
  7 bats
  5 giant newts
  13 rats
94 creatures vanquished.

Notes
Turn   | Place    | Note
--------------------------------------------------------------
     0 | D:1      | Krovax444 the Spriggan Arcane Marksman began the quest for the Orb.
     0 | D:1      | Reached XP level 1. HP: 9/9 MP: 3/3
   187 | D:1      | Reached XP level 2. HP: 13/14 MP: 5/5
   520 | D:1      | Learned a level 2 spell: Slow
   819 | D:1      | Reached skill level 1 in Stealth
   819 | D:1      | Reached XP level 3. HP: 17/17 MP: 4/6
  1494 | D:2      | Noticed Terence
  2364 | D:3      | Reached XP level 4. HP: 18/21 MP: 7/7
  2545 | D:3      | Found a stormy altar of Qazlal.
  3328 | D:3      | Found a glowing golden altar of the Shining One.
  3355 | D:3      | Noticed Ijyb
  3399 | D:3      | Killed Ijyb
  4274 | D:2      | Reached XP level 5. HP: 23/25 MP: 8/8
  4490 | D:2      | Killed Terence
  5432 | D:4      | Found a burning altar of Makhleb.
  5564 | D:4      | Found a glowing silver altar of Zin.
  5564 | D:4      | Noticed a blizzard demon
  5564 | D:4      | Noticed an angel
  5614 | D:4      | Found a staircase to the Ecumenical Temple.
  5682 | D:4      | HP: 1/25 [poisoned by a worker ant]
  5689 | D:4      | HP: 1/25 [poisoned by a worker ant]
  5693 | D:3      | Succumbed to a worker ant's poison

Skill      XL: |  1  2  3  4  5 |
---------------+----------------+-----
Hexes          | 4 |  4.6
Stealth        | 1 2 3 |  3.8
Bows           | 3 4 |  4.9
Dodging        | 4 |  4.6
Spellcasting   | 2 |  2.1
Fighting       | |  0.8

Action                   |  1- 3 |  4- 6 || total
-------------------------+-------+-------++-------
Melee: Dagger            |    32 |    55 ||    87
 Fire: Shortbow          |   130 |   181 ||   311
 Cast: Corona            |     9 |     9 ||    18
       Slow              |     3 |     9 ||    12
  Use: Potion            |       |     5 ||     5
       Scroll            |       |     1 ||     1
 Stab: Sleeping          |     2 |     4 ||     6
  Eat: Fruit             |       |     2 ||     2
       Bread ration      |       |     1 ||     1
       Pizza             |       |     1 ||     1
Armor: Robe              |    10 |    13 ||    23
Dodge: Dodged            |    93 |   126 ||   219
